 Dungeon Crawl Stone Soup version 0.29-a0-1019-g84f7d21838 (webtiles) character file.

Game seed: 14820145322136580331

10 Zonian the Sneak (level 2, -1/22 HPs)
             Began as a Human Brigand on Aug 11, 2022.
             Was a Follower of Cheibriados.
             Slain by a gnoll
             ... wielding a +0 whip
              (9 damage)
             ... on level 1 of the Dungeon.
             The game lasted 00:01:11 (635 turns).

Zonian the Sneak (Human Brigand)                     Turns: 635, Time: 00:01:12

Health: -1/22      AC:  3    Str: 14    XL:     2   Next: 30%
Magic:  2/2        EV: 12    Int: 14    God:    Cheibriados [*.....]
Gold:   44         SH:  0    Dex: 17    Spells: 1/1 levels left

rFire   . . .      SeeInvis .   a - +2 dagger
rCold   . . .      Faith    .   (no shield)
rNeg    . . .      Spirit   .   b - +0 robe
rPois   .          Reflect  .   (no helmet)
rElec   .          Harm     .   c - +0 cloak
rCorr   .          Rampage  .   (no gloves)
Will    .....                   (no boots)
Stlth   +++.......              (no amulet)
HPRegen 0.07/turn               (no ring)
MPRegen 0.08/turn               (no ring)

@: very slow
A: no striking features
a: Renounce Religion, Bend Time


You were on level 1 of the Dungeon.
You worshipped Cheibriados.
Cheibriados was aware of your devotion.
You visited 1 branch of the dungeon, and saw 1 of its levels.

You collected 44 gold pieces.

Inventory:

Hand Weapons
 a - a +2 dagger (weapon)
Missiles
 d - 9 poisoned darts (quivered)
 e - 3 curare-tipped darts
Armour
 b - a +0 robe (worn)
 c - a +0 cloak (worn)
Scrolls
 h - a scroll of magic mapping {unknown}
 i - a scroll of poison {unknown}
Potions
 f - a potion of resistance {unknown}
 g - a potion of magic {unknown}


   Skills:
 + Level 2.1 Fighting
 + Level 2.1 Short Blades
 + Level 2.1 Throwing
 + Level 1.2 Dodging
 + Level 4.1 Stealth


You had one spell level left.
You didn't know any spells.
Your spell library contained the following spells:

 Spells                   Type           Power      Damage    Failure   Level
 Blink                    Tloc           0%         N/A       41%         2
 Lesser Beckoning         Tloc           0%         N/A       65%         3
 Manifold Assault         Tloc           0%         N/A       100%        5


Dungeon Overview and Level Annotations

Branches:
Dungeon (1/15)

Altars:
Cheibriados

Shops:
D:1 ?


Message History

Cheibriados thoroughly appreciates the change of pace.
No target in view!
No target in view!
Unknown command.
You see here a bat corpse.
You now have enough gold to buy a scroll of poison on this level.
You can access your shopping list by pressing '$'.
You now have 44 gold pieces (gained 13).
An endoplasm comes into view.
Unknown command.
The helpless endoplasm fails to defend itself.
You impale the endoplasm!!
You kill the endoplasm!
Cheibriados thoroughly appreciates the change of pace.
No target in view!
Unknown command.
i - a scroll labelled JAOGGESHAD A gnoll and a ball python come into view.
Unknown command.
Found 5 stones.
The helpless ball python fails to defend itself.
You impale the ball python!!
You kill the ball python!
Cheibriados thoroughly appreciates the change of pace.
Cheibriados raises the support of your attributes as your movement slows.
You see here a ball python corpse.
The gnoll shouts!
The gnoll barely misses you. The gnoll hits you with a +0 whip!
You barely miss the gnoll. The gnoll hits you with a +0 whip!
You are too injured to fight recklessly!
Unknown command.
You hit the gnoll.
The gnoll is heavily wounded.
You hit the gnoll.
The gnoll is almost dead.
The gnoll barely misses you.
You barely miss the gnoll.
The gnoll is almost dead.
The gnoll hits you with a +0 whip!
You die...

#########
###########
#.g.....#
#.........#
##@##
#.#######.#
##.†.## #.# #.#
#(....# #.#
#####.####...##
#.#
#...........#.#
#.#
#.###.####...##
##.###.###.#
##.##
...........#
#+##
.#####.#####
##...##


You could see a gnoll.

Vanquished Creatures
  An endoplasm (D:1)
  A goblin (D:1)
  A hobgoblin (D:1)
  A quokka (D:1)
  A ball python (D:1)
  2 bats (D:1)
  2 frilled lizards (D:1)
  2 rats (D:1)
11 creatures vanquished.

Notes
Turn   | Place    | Note
-------+----------+-------------------------------------------
     0 | D:1      | Zonian the Human Brigand began the quest for the Orb.
     0 | D:1      | Reached XP level 1. HP: 16/16 MP: 1/1
    29 | D:1      | Found Duclos's Magic Scroll Shoppe.
   322 | D:1      | Found a faded altar of an unknown god.
   348 | D:1      | Prayed at the altar of an unknown god.
   348 | D:1      | Became a worshipper of Cheibriados the Contemplative
   348 | D:1      | Reached * piety under Cheibriados
   415 | D:1      | Reached XP level 2. HP: 22/22 MP: 2/2
   635 | D:1      | Slain by a gnoll

Illustrated notes

Levels and vault maps discovered:
D:1:      spicycebolla_arrival_xxxplode, layout_loops_corners, serial_shops,
          shop, hellmonk_ecumenical_altar_pennies_from_heaven

Action                   || total
-------------------------++-------
Melee: Dagger            ||    31
 Stab: Sleeping          ||     6
Armor: Robe              ||     3
Dodge: Dodged            ||    13

Table legend: (Time is in decaauts)
 A = Elapsed time spent in this place.
 B = Non-inter-level travel time spent in this place.
 C = Inter-level travel time spent in this place.
 D = Time resting spent in this place.
 E = Time spent auto-exploring this place.
 F = Levels seen in this place.
 G = Mean time per level.
                   A        B        C        D        E       F      G
               +--------+--------+--------+--------+--------+-----+--------+
         Total |    695 |    695 |      0 |      0 |    566 |   1 |  695.0 |
       Dungeon |    695 |    695 |      0 |      0 |    566 |   1 |  695.0 |
               +--------+--------+--------+--------+--------+-----+--------+

Top non-repeatable levels by time:
     D:1: 695 daAuts
